Map: Data-C

Players

LiquidClem (Clem)

  • Race: Terran Terran
  • League: Master
  • Spawn Location: 3:00

LiquidMaNa (MaNa) - Winner!

  • Race: Protoss Protoss
  • League: Grandmaster
  • Spawn Location: 9:00

VOD

Have the link to the VOD?

Description

Time

  • Played on: Oct. 19, 2022, 1:04 p.m.
  • Length: 10:28
Show
View Real Time Build Order
Export as new Build Order

LiquidClem Terran 

Build Orders: Reaper Expand 

Get SALT Encoding   

  12  0:00  SCV  
  13  0:13  SCV  
  14  0:17  Supply Depot  
  14  0:25  SCV  
  15  0:39  SCV, Barracks  
  16  0:44  Refinery  
  16  0:51  SCV  
  17  1:03  SCV  
  18  1:15  SCV  
  19  1:27  Reaper, Orbital Command  
  20  1:46  Command Center  
  20  1:51  Supply Depot  
  20  1:53  SCV  
  21  1:59  Marine  
  22  2:05  SCV  
  23  2:10  Factory  
  23  2:16  Bunker  
  23  2:18  SCV  
  23  2:22  Barracks Reactor  
  24  2:28  Refinery  
  24  2:31  SCV  
  25  2:43  SCV  
  26  2:55  SCV, Starport  
  27  2:58  Marine x2  
  27  2:59  Orbital Command  
  27  3:01  Factory Tech Lab  
  29  3:08  Supply Depot  
  29  3:10  SCV  
  29  3:18  Marine x2  
  31  3:21  Cyclone  
  31  3:24  SCV  
  35  3:28  SCV  
  36  3:34  Barracks  
  36  3:38  SCV  
  36  3:40  SCV  
  38  3:43  Viking  
  38  3:45  Marine  
  38  3:47  Marine  
  42  3:50  SCV  
  42  3:52  SCV  
  44  3:57  Supply Depot  
  44  4:00  Siege Tank  
  47  4:03  SCV  
  47  4:05  SCV  
  49  4:10  Barracks  
  49  4:11  Marine  
  49  4:12  Marine  
  51  4:17  SCV  
  51  4:18  Refinery, SCV  
  51  4:23  Engineering Bay  
  53  4:29  SCV  
  53  4:30  SCV, Marine x2  
  57  4:36  Supply Depot  
  57  4:38  Stimpack, Marine  
  57  4:42  SCV x2  
  60  4:46  Starport Tech Lab  
  60  4:48  Marine x2  
  60  4:50  Factory Reactor  
  60  4:51  Terran Infantry Weapons Level 1  
  62  4:56  Refinery  
  62  4:58  SCV x2  
  64  5:01  Supply Depot  
  64  5:03  Marauder  
  66  5:08  Combat Shield  
  66  5:10  SCV x2  
  66  5:13  Supply Depot  
  68  5:14  Starport Reactor  
  68  5:16  Marine x2  
  70  5:22  Marauder  
  70  5:23  Supply Depot  
  70  5:24  SCV  
  70  5:25  SCV  
  74  5:30  Widow Mine x2  
  74  5:35  Marauder  
  80  5:38  Marine x2  
  80  5:40  Supply Depot  
  81  5:45  Supply Depot  
  81  5:46  Marauder  
  83  5:52  Medivac x2  
  83  5:55  Supply Depot, Widow Mine  
  89  5:58  SCV, Widow Mine  
  89  6:00  SCV  
  89  6:01  Marine x2  
  95  6:04  Marauder  
  95  6:07  Supply Depot  
  95  6:09  Marauder  
  99  6:15  SCV x2  
  101  6:19  Widow Mine  
  101  6:20  Widow Mine  
  101  6:25  Marine x2  
  103  6:27  SCV  
  103  6:28  SCV  
  103  6:30  Marauder  
  105  6:39  SCV, Marauder  
  108  6:42  Supply Depot  
  108  6:43  Widow Mine  
  108  6:44  Widow Mine  
  108  6:45  Marine x2  
  110  6:51  Marauder  
  103  6:55  SCV  
  103  6:56  SCV  
  96  7:05  Marauder  
  96  7:07  SCV  
  99  7:11  SCV  
  99  7:13  Medivac x2  
  104  7:16  Marine x2  
  104  7:21  Marauder  
  107  7:26  Marauder  
  111  7:30  Widow Mine  
  111  7:31  Widow Mine  
  111  7:35  SCV x2  
  114  7:39  Marine x2  
  114  7:43  Medivac, Marauder  
  120  7:47  Marauder  
  102  7:55  SCV  
  102  7:56  Marine  
  102  7:57  Widow Mine x2  
  102  7:58  Medivac  
  97  7:59  Marine  
  97  8:02  Command Center  
  97  8:03  Terran Infantry Armor Level 1  
  91  8:06  Marauder  
  94  8:13  Marauder  
  94  8:14  Marine  
  94  8:17  Marine  
  93  8:24  Barracks  
  93  8:25  Barracks  
  93  8:26  Widow Mine  
  91  8:28  Widow Mine, Marauder  
  95  8:34  Marauder  
  95  8:36  Marine x2  
  95  8:37  Concussive Shells  
  94  8:45  Viking  
  94  8:47  Viking  
  93  8:49  Marauder  
  93  8:54  Widow Mine, Marine  
  93  8:55  Widow Mine, Marauder  
  93  8:56  Marine  
  93  8:58  SCV  
  92  9:11  Marauder, Marine  
  92  9:13  Barracks Reactor, Barracks Tech Lab  
  92  9:14  Marine  
  92  9:15  SCV x2  
  97  9:17  Marauder  
  97  9:18  Viking, Widow Mine x2  
  97  9:29  Marine  
  83  9:32  Marauder, Marine  
  83  9:34  Marauder  
  83  9:38  Marauder  
  83  9:40  Viking  
  87  9:46  Widow Mine x2  
  87  9:51  Marine x2  
  87  9:52  Marine x2  
  79  10:01  Marauder  
  79  10:03  Marauder  
  79  10:06  Marine  
  80  10:09  Marine  
Show
View Real Time Build Order
Export as new Build Order

LiquidMaNa Protoss - Winner!

Build Orders: 1 Gate Expand, Oracle Opening, Colossus Rush 

Get SALT Encoding   

  12  0:00  Probe  
  13  0:12  Probe  
  14  0:17  Pylon  
  14  0:24  Probe (Chrono Boost)  
  15  0:36  Probe (Chrono Boost), Gateway  
  16  0:45  Probe (Chrono Boost)  
  16  0:46  Assimilator  
  17  0:51  Probe  
  18  1:03  Probe  
  19  1:15  Probe  
  20  1:23  Cybernetics Core  
  20  1:34  Nexus  
  20  1:41  Pylon  
  20  1:44  Probe  
  21  1:52  Assimilator  
  21  1:56  Probe  
  21  1:57  Adept (Chrono Boost)  
  24  2:09  Probe (Chrono Boost)  
  25  2:17  Stargate  
  25  2:21  Probe (Chrono Boost)  
  26  2:23  Adept  
  26  2:29  Probe (Chrono Boost)  
  29  2:35  Probe  
  29  2:36  Warp Gate  
  30  2:47  Probe (Chrono Boost)  
  30  2:51  Probe (Chrono Boost)  
  32  2:53  Adept  
  35  2:59  Probe (Chrono Boost)  
  35  3:02  Probe (Chrono Boost)  
  35  3:03  Probe (Chrono Boost)  
  35  3:04  Oracle  
  40  3:11  Probe  
  41  3:14  Probe  
  42  3:22  Pylon  
  42  3:23  Probe  
  42  3:24  Adept  
  42  3:26  Probe  
  46  3:30  Gateway  
  46  3:40  Probe (Chrono Boost)  
  48  3:41  Oracle  
  48  3:46  Probe (Chrono Boost)  
  51  3:50  Probe (Chrono Boost), Pylon  
  51  3:54  Probe (Chrono Boost)  
  51  3:55  Probe (Chrono Boost)  
  54  4:04  Nexus  
  54  4:08  Probe  
  54  4:09  Probe  
  56  4:14  Robotics Facility  
  56  4:16  Assimilator  
  56  4:21  Probe  
  57  4:24  Pylon  
  57  4:25  Sentry, Stalker  
  57  4:30  Shield Battery  
  61  4:31  Probe  
  62  4:42  Shield Battery, Probe  
  62  4:45  Probe  
  64  4:47  Assimilator  
  64  4:54  Probe  
  64  4:57  Probe  
  64  4:59  Pylon  
  66  5:01  Twilight Council  
  66  5:02  Robotics Bay  
  66  5:07  Probe  
  67  5:13  Immortal (Chrono Boost), Probe  
  68  5:16  Pylon  
  68  5:19  Probe  
  73  5:22  Phoenix (Chrono Boost), Gateway  
  75  5:29  Gateway  
  75  5:30  Probe  
  75  5:31  Probe  
  77  5:39  Charge  
  77  5:41  Probe  
  79  5:42  Probe  
  79  5:43  Probe  
  79  5:44  Phoenix  
  82  5:50  Pylon  
  82  5:53  Probe  
  82  5:54  Colossus (Chrono Boost), Probe  
  84  6:01  Probe  
  91  6:06  Probe  
  91  6:11  Forge  
  92  6:12  Probe  
  92  6:13  Probe  
  92  6:14  Gateway  
  92  6:15  Extended Thermal Lance  
  95  6:18  Probe  
  95  6:24  Probe  
  96  6:26  Zealot x4  
  96  6:31  Shield Battery  
  104  6:33  Pylon  
  104  6:35  Probe  
  105  6:48  Colossus (Chrono Boost)  
  105  6:51  Probe  
  110  6:58  Zealot x4  
  104  7:02  Probe x2  
  104  7:04  Phoenix  
  104  7:08  Protoss Ground Weapons Level 1  
  108  7:09  Photon Cannon  
  108  7:11  Gateway  
  108  7:13  Gateway  
  108  7:14  Zealot  
  109  7:20  Zealot x3  
  109  7:21  Zealot  
  113  7:24  Probe  
  113  7:25  Probe x2  
  113  7:28  Shield Battery  
  107  7:39  Zealot  
  107  7:40  Zealot  
  107  7:41  Zealot x3  
  113  7:47  Probe  
  113  7:50  Probe x2  
  95  7:59  Probe  
  95  8:00  Phoenix  
  95  8:01  Zealot x5  
  105  8:06  Probe x2  
  105  8:08  Zealot x2  
  105  8:12  Probe  
  106  8:28  Nexus  
  106  8:30  Templar Archives  
  104  8:45  Zealot x7  
  106  8:49  Probe  
  106  8:53  Warp Prism (Chrono Boost)  
  106  8:55  Pylon  
  107  9:08  Zealot, High Templar x4  
  117  9:12  Archon  
  109  9:26  Probe  
  102  9:33  Zealot x3  
  101  9:41  Archon  
  101  9:43  Zealot x4  
  109  9:45  Gateway  
  109  9:47  Gateway  
  109  9:58  Zealot x3  
  109  9:59  Probe  
  112  10:07  Zealot x2  
  112  10:08  Zealot x2  
  112  10:10  Probe  
  112  10:11  Probe  
  126  10:15  Probe  
Tags
 
Add a new tag
Caveats
  • Supply blocks, unpowered buildings, or Contaminate may cause inaccurate times.
  • Supply counts are checked every 10 seconds.